 Dungeon Crawl Stone Soup version 0.31-a0-846-gb3bcc0d938 (webtiles) character file.

Game seed: 4923806556915215740

47 SkeletonJelly the Chopper (level 3, 0/29 HPs)
             Began as a Demonspawn Chaos Knight on Oct 3, 2023.
             Was a Plaything of Xom.
             Succumbed to an adder's poison
             ... on level 2 of the Dungeon.
             The game lasted 00:02:14 (1118 turns).

SkeletonJelly the Chopper (Demonspawn Chaos Knight) Turns: 1118, Time: 00:02:15

Health: 0/29       AC:  7    Str: 14    XL:     3   Next: 48%
Magic:  2/3        EV: 11    Int: 13    God:    Xom [..*...]
Gold:   99         SH:  0    Dex: 12    Spells: 2/2 levels left

rFire   . . .        a - +0 hand axe (chaos)
rCold   . . .        (no shield)
rNeg    . . .        b - +2 leather armour
rPois   .            (helmet restricted)
rElec   .            (no cloak)
rCorr   .            e - +0 pair of gloves
SInv    .            j - +0 pair of boots
Will    .....        i - amulet of guardian spirit
Stlth   +            (no ring)
HPRegen 0.24/turn    (no ring)
MPRegen 0.08/turn

%: guardian spirit
@: lethally poisoned (0 -> -4)
A: horns 1, powered by pain 1
a: Renounce Religion


You were on level 2 of the Dungeon.
You worshipped Xom.
You were a toy of Xom.
You visited 1 branch of the dungeon, and saw 2 of its levels.

You collected 99 gold pieces.

Inventory:

Hand Weapons
 a - a +0 hand axe of chaos (weapon)
Armour
 b - a +2 leather armour (worn)
 e - a +0 pair of gloves (worn)
 j - a +0 pair of boots (worn)
Jewellery
 i - an amulet of guardian spirit (around neck)
 k - a ring of protection from fire
Scrolls
 c - a scroll of butterflies
 h - a scroll of identify {unknown}
 l - a scroll of fear {unknown}
Potions
 d - a potion of heal wounds {unknown}
 f - 3 potions of degeneration {unknown}
 g - 2 potions of might {unknown}


   Skills:
 - Level 3.0 Fighting
 + Level 4.1 Axes
 - Level 1.7 Armour
 - Level 0.8 Dodging


You had 2 spell levels left.
You didn't know any spells.
Your spell library was empty.

Dungeon Overview and Level Annotations

Branches:
Dungeon (2/15)

Altars:


Innate Abilities, Weirdness & Mutations

You have a pair of small horns on your head.
You sometimes gain a little power by taking damage.


Message History

You feel sick. The adder attacks as it pursues you!
The adder bites you but does no damage.
You feel sick. The adder barely misses you.
You take 1 damage, and have 12/29 hp.
You feel sick.
You are no longer poisoned.
The rat bites you but does no damage.
You take 1 damage, and have 11/29 hp.
The adder attacks as it pursues you!
The adder bites you but does no damage. x2
MP restored: 3 You completely miss the adder.
Your headbutt misses the adder.
The adder is moderately wounded.
The adder misses you.
You miss the adder.
The adder is moderately wounded.
The adder barely misses you. x2
You closely miss the adder. Your headbutt misses the adder.
The adder is moderately wounded.
The adder bites you but does no damage.
You hit the adder but do no damage.
The adder is moderately wounded.
The adder blinks!
The adder bites you.
You take 2 damage, and have 11/29 hp.
You closely miss the adder. The adder completely misses you.
The adder bites you but does no damage.
You miss the adder. You barely miss the adder. The adder closely misses you. x2
The adder bites you but does no damage.
You hit the adder. You drain the adder.
The adder is moderately wounded.
You hit the adder.
The adder seems to speed up.
The adder barely misses you. The adder misses you.
The adder bites you but does no damage.
You miss the adder.
The adder is moderately wounded.
You hit the adder.
Nothing appears to happen.
The adder bites you but does no damage. x2; The adder barely misses you.
The adder closely misses you. The adder bites you but does no damage.
You closely miss the adder.
The adder is moderately wounded.
You hit the adder.
The adder suddenly stops moving!
The adder closely misses you.
You hit the adder. You burn the adder. Your headbutt misses the adder.
The adder is almost dead.
The helpless adder fails to defend itself.
You hit the adder but do no damage.
The adder is no longer paralysed.
The adder closely misses you. The adder bites you but does no damage.
The adder closely misses you. The adder bites you but does no damage.
The adder barely misses you.
You closely miss the adder.
The adder is almost dead.
You hit the adder but do no damage. The adder bites you.
The adder bites you but does no damage. The adder closely misses you.
You take 2 damage, and have 11/29 hp.
You now have 2/3 mp.
You hit the adder. Lightning courses through the adder!
You kill the adder!
You miss the adder. The adder misses you.
The adder bites you but does no damage.
You closely miss the rat. You hit the adder but do no damage.
The adder suddenly seems more agile.
Xom thinks this is hilarious!
The adder bites you.
You are poisoned.
The adder poisons you! The rat bites you but does no damage.
The adder bites you but does no damage.
You take 1 damage, and have 10/29 hp.
You hit the rat.
You kill the rat!
You barely miss the adder.
You feel sick. The adder closely misses you. x2
You feel sick.
You see here an adder corpse.
You take 1 damage, and have 9/29 hp.
You feel sick. The adder attacks as it pursues you!
The adder bites you but does no damage. The adder bites you.
* * * LOW HITPOINT WARNING * * *
You take 2 damage, and have 7/29 hp.
You closely miss the adder. Your headbutt misses the adder.
The adder is almost dead.
You feel sick.
You are no longer poisoned.
The adder closely misses you. x2
You take 2 damage, and have 5/29 hp.
You miss the adder.
The adder is almost dead.
The adder bites you but does no damage. The adder barely misses you.
You miss the adder. Your headbutt misses the adder.
The adder is almost dead.
The adder barely misses you. The adder bites you.
* * * LOW HITPOINT WARNING * * *
The adder misses you.
You take 3 damage, and have 3/29 hp.
You miss the adder.
The adder is almost dead.
The adder barely misses you. The adder bites you.
* * * LOW HITPOINT WARNING * * *
You are lethally poisoned!
The adder poisons you!
You take 1 damage, and have 2/29 hp.
You barely miss the adder.
The adder is almost dead.
You die...
Xom snickers!

####### #########......
.............. .............
...........# ...........#
...........#
$..........#####
...........@S..#
..........$###.#############
............................
............##..........##
.....##.................#
..... #.................#
..... #.................#
#.................#
...................#


You could see an adder (fast, agile).

Vanquished Creatures
  An adder (D:2)
  A dart slug (D:1)
  A bat (D:1)
  6 endoplasms
  3 giant cockroaches
  2 goblins
  3 hobgoblins
  3 kobolds (D:1)
  6 ball pythons (D:1)
  2 frilled lizards
  5 rats
33 creatures vanquished.

Notes
Turn   | Place    | Note
-------+----------+-------------------------------------------
     0 | D:1      | SkeletonJelly the Demonspawn Chaos Knight began the quest
                  | for the Orb.
     0 | D:1      | Reached XP level 1. HP: 18/18 MP: 1/1
    29 | D:1      | XOM: silly message
    40 | D:1      | XOM: potion effect (brilliance)
    43 | D:1      | XOM: butterfly on damage
   128 | D:1      | Reached skill level 3 in Axes
   244 | D:1      | Gained mutation: You have a pair of small horns on your
                  | head. [demonic ancestry]
   244 | D:1      | Reached XP level 2. HP: 19/24 MP: 2/2
   955 | D:2      | XOM: potion effect (might)
   958 | D:2      | Gained mutation: You sometimes gain a little power by
                  | taking damage. [demonic ancestry]
   958 | D:2      | Reached XP level 3. HP: 29/29 MP: 3/3
  1079 | D:2      | XOM: silly message
  1084 | D:2      | Reached skill level 4 in Axes
  1118 | D:2      | Succumbed to an adder's poison

Illustrated notes

Levels and vault maps discovered:
D:1:      amcnicky_arrival_single_pillar, layout_loops_corners
D:2:      layout_basic

Skill      XL: |  1  2  3 |
---------------+----------+-----
Axes           | 3 4 |  4.1
Fighting       | |  3.0
Armour         | |  1.7
Dodging        | |  0.8

Action                     || total
---------------------------++-------
  Melee: Hand axe          ||    98
         Headbutt          ||    11
   Stab: Paralysed         ||     1
 Armour: Leather armour    ||    83
  Dodge: Dodged            ||    63

Table legend: (Time is in decaauts)
 A = Elapsed time spent in this place.
 B = Non-inter-level travel time spent in this place.
 C = Inter-level travel time spent in this place.
 D = Time resting spent in this place.
 E = Time spent auto-exploring this place.
 F = Levels seen in this place.
 G = Mean time per level.
                   A        B        C        D        E       F      G
               +--------+--------+--------+--------+--------+-----+--------+
         Total |   1129 |   1106 |     23 |      0 |    875 |   2 |  564.5 |
       Dungeon |   1129 |   1106 |     23 |      0 |    875 |   2 |  564.5 |
               +--------+--------+--------+--------+--------+-----+--------+

Top non-repeatable levels by time:
     D:1: 937 daAuts
     D:2: 192 daAuts
